 Dungeon Crawl Stone Soup version 0.27.1-33-g824d729ab1 (webtiles) character file.

Game seed: 5268015136077733888

84 raph the Grave Robber (level 4, -9/30 HPs)
             Began as a Human Necromancer on Nov 27, 2021.
             Mangled by a gnoll (10 damage)
             ... on level 3 of the Dungeon.
             The game lasted 00:10:27 (3503 turns).

raph the Grave Robber (Human Necromancer)           Turns: 3503, Time: 00:10:27

Health: -9/30      AC:  2    Str:  8    XL:     4   Next: 72%
Magic:  1/7        EV: 12    Int: 16    God:
Gold:   12         SH:  0    Dex: 14    Spells: 2/7 levels left

rFire    . . .     SeeInvis .   a - +0 dagger
rCold    . . .     Faith    .   (no shield)
rNeg     . . .     Spirit   .   c - +0 robe
rPois    .         Reflect  .   (no helmet)
rElec    .         Harm     .   (no cloak)
rCorr    .         Rampage  .   (no gloves)
Will     .....                  (no boots)
Stlth    ++........             (no amulet)
HPRegen  0.10/turn              (no ring)
MPRegen  0.10/turn              (no ring)

@: no status effects
A: no striking features
a: no special abilities


You were on level 3 of the Dungeon.
You visited 1 branch of the dungeon, and saw 3 of its levels.

You collected 72 gold pieces.
You spent 60 gold pieces at shops.

Inventory:

Hand Weapons
 a - a +0 dagger (weapon)
Missiles
 b - 12 poisoned darts
Armour
 c - a +0 robe (worn)
Scrolls
 e - a scroll of teleportation
 f - a scroll of identify


   Skills:
 - Level 2.4 Dodging
 - Level 2.6 Stealth
 - Level 2.3 Spellcasting
 + Level 5.1 Necromancy


You had 2 spell levels left.
You knew the following spells:

 Your Spells              Type           Power      Damage    Failure   Level
a - Pain                  Necr           72%        1d7       2%          1
b - Animate Skeleton      Necr           36%        N/A       2%          1
c - Vampiric Draining     Necr           9%         2d7       8%          3

Your spell library contained the following spells:

 Spells                   Type           Power      Damage    Failure   Level
 Animate Dead             Necr           9%         N/A       24%         4
 Ignite Poison            Fire/Tmut/Pois 1%         N/A       52%         3
 Mephitic Cloud           Conj/Pois/Air  1%         N/A       52%         3
 Agony                    Necr           18%        N/A       56%         5
 Bolt of Magma            Conj/Fire/Erth 0%         4d4       99%         5


Dungeon Overview and Level Annotations

Branches:
Dungeon (3/15)

Altars:
Fedhas
Trog

Shops:
D:1 =   D:3 **=[


Message History

Aim: a gnoll, wielding a +0 halberd (moderately wounded, chance to affect: 84%)
The gnoll barely resists.
Aiming: Pain (safe; 2% risk of failure)
Press: ? - help, Q - select action, (/) - cycle Shift-Dir - straight line, f/p - gnoll
Aim: a gnoll, wielding a +0 halberd (moderately wounded, chance to affect: 84%)
The gnoll barely resists.
Aiming: Pain (safe; 2% risk of failure)
Press: ? - help, Q - select action, (/) - cycle Shift-Dir - straight line, f/p - gnoll
Aim: a gnoll, wielding a +0 halberd (moderately wounded, chance to affect: 84%)
The gnoll writhes in agony.
The gnoll hits you from afar with a +0 halberd!
Aiming: Pain (safe; 2% risk of failure)
Press: ? - help, Q - select action, (/) - cycle Shift-Dir - straight line, f/p - gnoll
Aim: a gnoll, wielding a +0 halberd (severely wounded, chance to affect: 84%)
The gnoll barely resists.
The gnoll hits you from afar with a +0 halberd!
* * * LOW HITPOINT WARNING * * *
Okay, then.
You aren't carrying any potions.
The gnoll closely misses you.
Casting: Pain (safe; 2% risk of failure)
Confirm with . or Enter, or press ? or * to list all spells.
You don't have enough magic to cast this spell.
Aiming: Pain (safe; 2% risk of failure)
Press: ? - help, Q - select action, (/) - cycle Shift-Dir - straight line, f/p - gnoll
Aim: a gnoll, wielding a +0 halberd (severely wounded, chance to affect: 84%)
The gnoll writhes in agony.
The gnoll closely misses you.
Aiming: Pain (safe; 2% risk of failure)
Press: ? - help, Q - select action, (/) - cycle Shift-Dir - straight line, f/p - gnoll
Aim: a gnoll, wielding a +0 halberd (severely wounded, chance to affect: 84%)
The gnoll writhes in agony.
The gnoll completely misses you.
You hit the gnoll but do no damage.
The gnoll is almost dead.
The gnoll misses you.
You hit the gnoll but do no damage.
The gnoll is almost dead.
The gnoll hits you with a +0 halberd!
You die...

..... #####.........
......... #.............
.........# #........)....
.........# #.....##......
.........###...........).
#........##.........†...
#.......................
#...........#...........
#.###..@g...#...........
♣♣♣♣
#.###.......#...........
♣..♣♣
#...#.......#...........
♣♣_.♣
#...#.......#...........
♣..♣♣
#...#.≈≈≈...#.(.........
♣♣..♣
#....≈≈≈≈≈..#...........
♣♣.♣
#......∩≈≈..##########.>
♣.♣ #....≈≈≈≈≈### ##+ ♣.♣
#.....≈≈≈#######


You could see a gnoll.

Vanquished Creatures
  An adder (D:2)
  A worm (D:2)
  3 dart slugs
  2 ball pythons
  5 endoplasms
  A giant cockroach (D:2)
  8 goblins
  6 hobgoblins
  9 jackals
  3 quokkas (D:1)
  4 bats
  2 frilled lizards
  7 kobolds
  4 rats
56 creatures vanquished.

Vanquished Creatures (collateral kills)
  An endoplasm (D:1)
  A kobold (D:1)
2 creatures vanquished.

Vanquished Creatures (others)
  18 fungi (D:1)
18 creatures vanquished.

Grand Total: 76 creatures vanquished

Notes
Turn   | Place    | Note
-------+----------+-------------------------------------------
     0 | D:1      | raph the Human Necromancer began the quest for the Orb.
     0 | D:1      | Reached XP level 1. HP: 13/13 MP: 3/3
   277 | D:2      | Learned a level 1 spell: Animate Skeleton
   432 | D:1      | Reached XP level 2. HP: 13/19 MP: 0/5
   888 | D:1      | Reached XP level 3. HP: 15/24 MP: 1/6
   892 | D:1      | Learned a level 3 spell: Vampiric Draining
  1302 | D:1      | Found Zelic's Jewellery Shop.
  2151 | D:2      | Found a faded altar of an unknown god.
  2158 | D:2      | Reached XP level 4. HP: 29/30 MP: 5/7
  3054 | D:3      | Found Zoyliviz's Armour Boutique.
  3220 | D:3      | Reached skill level 5 in Necromancy
  3245 | D:3      | Found Feizev's Jewellery Emporium.
  3259 | D:3      | Found a bloodstained altar of Trog.
  3358 | D:3      | Noticed a phantom
  3369 | D:3      | Found Kuunust's General Store.
  3376 | D:3      | Found Qeadghim's Assorted Antiques.
  3378 | D:3      | Bought a scroll of teleportation for 36 gold pieces
  3378 | D:3      | Bought a scroll of identify for 24 gold pieces
  3463 | D:3      | Found a blossoming altar of Fedhas.
  3503 | D:3      | Mangled by a gnoll

Illustrated notes

Levels and vault maps discovered:
D:1:      scummos_arrival_checkerplants, layout_loops_ring, serial_shops, shop
D:2:      layout_loops_ring, hellmonk_ecumenical_altar_arch_garden
D:3:      layout_basic, lightli_temple_of_fire, fedhas_altar_4,
          gup_sewer_entry_bowl, serial_shops, shop, nicolae_square_shop,
          nicolae_shop_waterfront, shop

Skill      XL: |  1  2  3  4 |
---------------+-------------+-----
Necromancy     | 5 |  5.1
Dodging        | |  2.4
Stealth        | |  2.6
Spellcasting   | |  2.3

Action                   |  1- 3 |  4- 6 || total
-------------------------+-------+-------++-------
Melee: Unarmed           |     2 |       ||     2
       Dagger            |       |     5 ||     5
 Cast: Pain              |    75 |    49 ||   124
       Animate Skeleton  |     4 |     3 ||     7
       Vampiric Draining |     1 |     3 ||     4
  Use: Scroll            |       |     4 ||     4
Armor: Robe              |     9 |     1 ||    10
Dodge: Dodged            |    25 |    17 ||    42
